 Dungeon Crawl Stone Soup version 0.27.1-2-g3b301248ec (webtiles) character file.

Game seed: 15242688394846261630

2080 pkoi the Grappler (level 9, -6/84 HPs)
             Began as a Troll Monk on Oct 4, 2021.
             Splashed by an acid dragon's acid (18 damage)
             ... on level 6 of the Dungeon.
             The game lasted 00:08:01 (5584 turns).

pkoi the Grappler (Troll Monk)                      Turns: 5584, Time: 00:08:01

Health: -6/84      AC: -3    Str: 24    XL:     9   Next: 6%
Magic:  8/8        EV: 11    Int:  6    God:
Gold:   206        SH:  0    Dex: 12    Spells: 8/8 levels left

rFire    . . .     SeeInvis .     - Unarmed
rCold    . . .     Faith    .   (no shield)
rNeg     . . .     Spirit   .   a - +0 robe
rPois    .         Reflect  .   (helmet restricted)
rElec    .         Harm     .   n - +0 cloak
rCorr    .         Rampage  .   (gloves unavailable)
Will     .....                  (boots unavailable)
Stlth    ++........             (no amulet)
HPRegen  1.24/turn              (no ring)
MPRegen  0.11/turn              (no ring)

@: about to teleport, corroded
A: large, unfitting armour, claws 3, regeneration 1, shaggy fur 1, tough skin 1
a: no special abilities


You were on level 6 of the Dungeon.
You visited 1 branch of the dungeon, and saw 7 of its levels.
You also visited: Ossuary.

You collected 206 gold pieces.

Inventory:

Missiles
 e - 4 large rocks (quivered)
 k - 12 poisoned darts
 t - 5 javelins
Armour
 a - a +0 robe (worn)
 d - a +2 hat
 n - a +0 cloak (worn)
Jewellery
 p - an amulet of faith
Scrolls
 b - a scroll of holy word {unknown}
 c - 2 scrolls of teleportation
 h - 3 scrolls of amnesia
 j - a scroll of identify
 v - a scroll of brand weapon
Potions
 f - a potion of flight
 g - a potion of ambrosia
 i - 3 potions of curing
 l - a potion of lignification
 m - a potion of brilliance
 o - a potion of mutation
 r - a potion of resistance
 s - a potion of haste


   Skills:
 + Level 4.2 Fighting
 * Level 5.2 Throwing
 + Level 4.2 Dodging
 - Level 1.0 Stealth
 * Level 9.0 Unarmed Combat


You had 8 spell levels left.
You didn't know any spells.
Your spell library was empty.

Dungeon Overview and Level Annotations

Branches:
Dungeon (7/15)            Ossuary (visited)
 Temple: D:4-7

Altars:
Fedhas
Gozag
Yredelemnul


Innate Abilities, Weirdness & Mutations

You are too large for most types of armour.
You have claws for hands.
Your natural rate of healing is unusually fast.
You are covered in fur. (AC +1)
You have tough skin. (AC +1)


Message History

You have reached level 9!
Your experience leads to an increase in your attributes!
Increase (S)trength, (I)ntelligence, or (D)exterity?
You feel stronger. x2
The acid dragon roars!
You scratch the ogre.
The ogre is moderately wounded.
You hear a shout!
The ogre barely misses you.
You hear a shout! x2
You claw the ogre! x2
You kill the ogre!
The acid dragon spits acid at you. The splash of acid hits you!
The acid corrodes you!
You are splashed with acid!
The gnoll sergeant shouts!
You hear a shout!
The acid dragon spits acid at you. The splash of acid hits you!
You are splashed with acid!
* * * LOW HITPOINT WARNING * * *
Things that are here:
a +0 giant club; an ogre corpse The acid dragon bites you!
* * * LOW HITPOINT WARNING * * *
The acid dragon barely misses you. The acid dragon bites you!
* * * LOW HITPOINT WARNING * * *
The acid dragon claws you.
* * * LOW HITPOINT WARNING * * *
Things that are here:
a +0 giant club; an ogre corpse
Okay, then.
Unknown command.
As you read the scroll of teleportation, it crumbles to dust.
You feel strangely unstable. The acid dragon completely misses you.
The acid dragon claws you.
* * * LOW HITPOINT WARNING * * *
The acid dragon spits acid at you. The splash of acid hits you!
* * * LOW HITPOINT WARNING * * *
The acid corrodes you!
You are splashed with acid!!
You die...

#... . #... #......#
.... .##.###.##>#.####
... ....##....#....##
#.. #......#.#.##..#
####.!###...............
......†.#...#...#...#...
####..#.#..#...#...#...#
.....O....#...#...#...#.
#######@#..#...#...#...#
#.#...#...#†..#...
####D#...............
#..?g#.#...#...#...#.
#........#...#...#...#
............#..[#...#...
####.#.....#...#...#...#
......#.#...#...#...#.
..#.#..#...............


You could see an acid dragon (catching breath), an ogre (wandering) and a gnoll
sergeant.

Vanquished Creatures
  A troll (D:6)
  Prince Ribbit (D:6)
  Menkaure (Ossuary)
  A water moccasin (D:6)
  An orc warrior (D:4)
  A sky beast (D:6)
  An ogre (D:6)
  A centaur (D:6)
  A phantom (D:6)
  A water moccasin zombie (D:6)
  A wyvern skeleton (D:6)
  A wight (D:6)
  A jelly (D:6)
  3 hounds
  A bullfrog skeleton (D:6)
  2 orc priests
  A gnoll shaman (D:6)
  5 iguanas
  Natasha (thrice) (D:2)
  3 orc wizards
  A scorpion zombie (D:5)
  Terence (D:2)
  A hound zombie (D:5)
  3 mummies (Ossuary)
  12 adders
  A shadow imp (D:3)
  2 white imps
  An adder skeleton (D:4)
  2 worms
  2 dart slugs
  14 orcs
  5 endoplasms
  3 giant cockroaches
  3 gnoll zombies (Ossuary)
  7 goblins
  8 hobgoblins
  7 jackals (D:1)
  6 ball pythons
  5 bats
  3 frilled lizards
  4 gnoll skeletons (Ossuary)
  3 goblin skeletons (Ossuary)
  3 goblin zombies (Ossuary)
  4 hobgoblin skeletons (Ossuary)
  5 hobgoblin zombies (Ossuary)
  9 kobolds
  3 kobold skeletons (Ossuary)
  6 kobold zombies (Ossuary)
  4 orc skeletons (Ossuary)
  An orc zombie (Ossuary)
  7 rats
  7 rat skeletons (Ossuary)
  7 rat zombies (Ossuary)
181 creatures vanquished.

Vanquished Creatures (others)
  21 plants (D:6)
21 creatures vanquished.

Grand Total: 202 creatures vanquished

Notes
Turn   | Place    | Note
-------+----------+-------------------------------------------
     0 | D:1      | pkoi the Troll Monk began the quest for the Orb.
     0 | D:1      | Reached XP level 1. HP: 22/22 MP: 0/0
    82 | D:1      | Reached XP level 2. HP: 29/29 MP: 1/1
   376 | D:1      | Reached skill level 4 in Unarmed Combat
   497 | D:1      | Found a faded altar of an unknown god.
   622 | D:1      | Reached XP level 3. HP: 36/36 MP: 2/2
  1354 | D:2      | Noticed Terence
  1362 | D:2      | Killed Terence
  1412 | D:2      | Reached skill level 5 in Unarmed Combat
  1412 | D:2      | Reached XP level 4. HP: 44/44 MP: 3/3
  1540 | D:2      | Noticed Natasha
  1542 | D:2      | Killed Natasha
  1832 | D:2      | Noticed Natasha
  1843 | D:2      | Killed Natasha
  1844 | D:2      | Reached XP level 5. HP: 24/50 MP: 4/4
  2667 | D:2      | Noticed Natasha
  2673 | D:2      | Killed Natasha
  2674 | D:2      | Reached skill level 6 in Unarmed Combat
  3033 | D:3      | Found a basalt altar of Yredelemnul.
  3043 | D:3      | Found an opulent altar of Gozag.
  3256 | D:3      | Reached XP level 6. HP: 59/59 MP: 5/5
  3493 | D:4      | Noticed an orc warrior
  3523 | D:4      | Killed an orc warrior
  3524 | D:4      | Reached skill level 1 in Throwing
  3524 | D:4      | Reached skill level 7 in Unarmed Combat
  3575 | D:4      | Found a blossoming altar of Fedhas.
  3622 | D:4      | Found a sand-covered staircase.
  3632 | Ossuary  | Entered an ossuary
  3929 | Ossuary  | Noticed Menkaure
  3957 | Ossuary  | Reached XP level 7. HP: 58/66 MP: 6/6
  3961 | Ossuary  | Killed Menkaure
  4612 | D:5      | Entered Level 5 of the Dungeon
  4940 | D:5      | You fall into a shaft and drop 2 floors!
  5094 | D:6      | Reached XP level 8. HP: 75/75 MP: 7/7
  5102 | D:6      | Reached skill level 8 in Unarmed Combat
  5183 | D:6      | HP: 1/75 [acid (7)]
  5259 | D:6      | Noticed Prince Ribbit
  5270 | D:6      | Killed Prince Ribbit
  5369 | D:6      | Noticed a troll
  5410 | D:6      | Killed a troll
  5485 | D:6      | Reached skill level 5 in Throwing
  5574 | D:6      | Reached skill level 9 in Unarmed Combat
  5574 | D:6      | Reached XP level 9. HP: 84/84 MP: 8/8
  5584 | D:6      | Splashed by an acid dragon's acid

Illustrated notes

Levels and vault maps discovered:
D:1:      erik_arrival_cave_to_civilisation [erik_arrival_cave_to_hall],
          layout_basic, basic_ecumenical_altar
D:2:      layout_loops_corners, serial_park_tiny_pond, uniq_terence,
          uniq_natasha
D:3:      layout_rooms, mainiacjoe_overflow_catwalk_spiral,
          hangedman_abyss_or_decor_stabs
D:4:      layout_cave_pods, fedhas_ov_isle_minmay, enter_ossuary_3
D:5:      layout_loops_ring, uniq_eustachio, uniq_sigmund
D:6:      cheibrodos_fzero, layout_loops_cross, mainiacjoe_overflow_chevrons,
          uniq_prince_ribbit1
D:7:      layout_loops_corners, trog_three_pillars_becter,
          minmay_temple_entry_hall, uniq_harold, uniq_maggie

Skill      XL: |  1  2  3  4  5  6  7  8 |
---------------+-------------------------+-----
Unarmed Combat | 4 5 6 7 9 |  9.0
Throwing       | 1 3 5 |  5.2
Fighting       | 3 4 |  4.2
Dodging        | 3 4 |  4.2
Stealth        | |  1.0

Action                   |  1- 3 |  4- 6 |  7- 9 || total
-------------------------+-------+-------+-------++-------
Melee: Unarmed           |    90 |   207 |   178 ||   475
       Punch             |     1 |     6 |     6 ||    13
  Use: Scroll            |       |       |    15 ||    15
       Potion            |       |       |     5 ||     5
 Stab: Sleeping          |     1 |     2 |     1 ||     4
Armor: Robe              |    23 |    31 |    57 ||   111
Dodge: Dodged            |    29 |    88 |    83 ||   200
